[Event "St Kilda East and Caulfield Chess Club T3 2025 Under 1600 Mondays"]
[Site "St Kilda East, Australia"]
[Date "2025.08.11"]
[Round "3.4"]
[White "Nakada, Kazu"]
[Black "Salama, John"]
[Result "1-0"]
[TimeControl "60 minutes per player per game plus 10 secionds per move from move one"]
[WhiteElo "605"]
[BlackElo "1296"]

1. e4 d5 2. exd5 Qxd5 3. Nc3 Qa5 4. Nf3 Nf6 5. d4 Bf5 6. Bd2 c6 7. Bc4 e6 8. O-O Qc7 9. Ne5 Nbd7 10.
Bf4 Bd6 11. Nxd7 Bxf4 12. Nxf6+ gxf6 13. g3 Bd6 14. Bd3 Bh3 15. Re1 h5 16. Qf3 Be7 17. Ne4 f5 18. Nd2 O-O-O 19. c3 h4 20. Nc4 hxg3 21. fxg3 Rdg8 22.
Ne5 Rh7 23. Nxf7 Bg4 24. Qe3 f4 25. Bxh7 fxe3 26. Bxg8 e2 27. Ne5 Bh5 28. Bxe6+ Kd8 29. g4 Qd6 30. gxh5 Qxe6 31. Rxe2 Qg8+ 32.
Ng6 Qh7 33. Nxe7 Qxh5 34. Rae1 Qg4+ 35. Rg2 Qf3 36. h4 Qh3 37. Re4 Qd3 38. Ree2 Qh3 39. Ng6 Qf5 40. Ref2 Qb1+ 41. Kh2 Qxa2 42.
h5 Qd5 43. h6 Qh5+ 44. Kg1 Qxh6 45. Rf8+ Kc7 46. Rf7+ Kb6 47. Ne5 Qc1+ 48. Rf1 Qe3+ 49. Rff2 Qc1+ 50. Kh2 Qh6+ 51. Kg3 Qg5+ 52.
Ng4 a6 53. c4 a5 54. c5+ Kb5 55. Kh2 Qg8 56. b3 Qd5 57. Rf4 Qxb3 58. Rg3 Qb2+ 59. Kh3 a4 60. Rg2 Qc3+ 61. Rg3 Qb2 62.
Rf7 Ka6 63. Rd3 a3 64. Rf8 Ka7 65. Rf1 Qe2 66. Rdd1 a2 67. Ne5 Qe3+ 68. Kg4 Qe2+ 69. Kf5 Qh5+ 70. Ke4 Qe2+ 71. Kf4 Kb8 72.
Nd7+ Kc7 73. Nb6 Qh2+ 74. Ke3 Qb2 75. Rf7+ Kb8 76. Rf8+ Kc7 77. Rc8# 1-0

[Event "St Kilda East and Caulfield Chess Club T3 2025 Under 1600 Mondays"]
[Site "St Kilda East, Australia"]
[Date "2025.08.11"]
[Round "3.6"]
[White "Karboulahanos, Kris"]
[Black "Shore, Isaac"]
[Result "1-0"]
[TimeControl "60 minutes per player per game plus 10 secionds per move from move one"]
[WhiteElo "1029"]
[BlackElo "562"]

1. e4 c5 2. c3 Nf6 3. e5 Nd5 4. d4 cxd4 5. cxd4 Nc6 6. Nc3 e6 7. a3 d6 8. Nxd5 exd5 9. exd6 Bxd6 10.
Bb5 Qe7+ 11. Ne2 O-O 12. O-O Qc7 13. f4 Bf5 14. Bd3 Ne7 15. Be3 Rac8 16. Rc1 Qd7 17. Ng3 Rxc1 18. Bxc1 Re8 19.
Re1 Bxd3 20. Qxd3 g6 21. Bd2 Nc6 22. f5 Bxg3 23. Rxe8+ Qxe8 24. hxg3 Ne7 25. Qe3 b6 26. f6 Kf8 27.
Qh6+ Kg8 28. Qg7# 1-0

[Event "St Kilda East and Caulfield Chess Club T3 2025 Under 1600 Mondays"]
[Site "St Kilda East, Australia"]
[Date "2025.08.11"]
[Round "3.2"]
[White "Hennessy, Rob"]
[Black "Budianto, Youshan"]
[Result "1-0"]
[TimeControl "60 minutes per player per game plus 10 secionds per move from move one"]
[WhiteElo "979"]
[BlackElo "1032"]

1. e4 e5 2. Nf3 Nc6 3. Bb5 a6 4. Ba4 b5 5. Bb3 Nf6 6. O-O Bc5 7. c3 O-O 8. Re1 d6 9. d4 exd4 10.
cxd4 Bb4 11. Nc3 Bg4 12. Re3 Bxf3 13. Rxf3 Bxc3 14. Rxc3 Nxe4 15. Rxc6 Qf6 16. Be3 Qe7 17. Rac1 Rac8 18.
Qd3 Kh8 19. Bc2 f5 20. Re1 Ra8 21. Bd2 Qd7 22.
d5 Rf6 23. Ba5 Nc5 24. Qe3 Ne6 25. Bxf5 Rxf5 26. Qxe6 Qxe6 27. dxe6 1-0

[Event "St Kilda East and Caulfield Chess Club T3 2025 Under 1600 Mondays"]
[Site "St Kilda East, Australia"]
[Date "2025.08.11"]
[Round "3.3"]
[White "Yu, Brandon"]
[Black "Nash, Paul"]
[Result "0-1"]
[TimeControl "60 minutes per player per game plus 10 secionds per move from move one"]
[WhiteElo "816"]
[BlackElo "1009"]

1. e4 e5 2. Nf3 Nc6 3. Bc4 Nf6 4. O-O Be7 5. Nc3 O-O 6. d3 d6 7. h3 Na5 8. Bb3 Nxb3 9. axb3 c6 10.
Re1 Qc7 11. d4 b5 12. Na2 c5 13. d5 a5 14. Bd2 c4 15. bxc4 Qxc4 16. Bg5 h6 17. Bxf6 Bxf6 18. Qd3 Qxd3 19.
cxd3 Ba6 20. b4 Rfc8 21. bxa5 Bd8 22. Nb4 Rc3 23. d4 f6 24. Nc6 Bc7 25. dxe5 fxe5 26. Nd2 Bb7 27. Rec1 Rxc1+ 28. Rxc1 Bxc6 29. Rxc6 Bxa5 30. Nb3 Bb4 31. Kh2 Ra3 32.
Nc1 Bc5 33. Ne2 b4 34. Nc1 b3 35. Nxb3 Rxb3 36. f3 Kf7 37. Kg3 Ke7 38. Rc7+ Kf6 39. Rc6 Rb2 40. Ra6 g5 41. Ra8 h5 42.
Re8 h4+ 43. Kh2 Bf2 44. g4 hxg3+ 45. Kg2 Be1+ 46. Kf1 g2+ 47. Kg1 Bc3 48. Re6+ Kf7 49. Rxd6 Bd4+ 50. Kh2 g1=Q# 0-1

[Event "St Kilda East and Caulfield Chess Club T3 2025 Under 1600 Mondays"]
[Site "St Kilda East, Australia"]
[Date "2025.08.11"]
[Round "3.5"]
[White "Heideman, Don"]
[Black "Beckman, John"]
[Result "0-1"]
[TimeControl "60 minutes per player per game plus 10 secionds per move from move one"]
[WhiteElo "478"]
[BlackElo "1201"]

1. d4 Nf6 2. Nf3 d5 3. Bf4 g6 4. e3 Nc6 5. Bb5 Bd7 6. Nc3 a6 7. Bxc6 Bxc6 8. O-O Bg7 9. Re1 b5 10.
Ne5 Bb7 11. Qd2 Nh5 12. Ne2 O-O 13. c3 Re8 14. b3 f6 15. Ng4 Nxf4 16. Nxf4 h5 17. Nxf6+ Bxf6 18. Nxg6 Kf7 19. Nf4 h4 20. Qd3 Rg8 21. Qh7+ Rg7 22. Qh5+ Kg8 23. Ne6 Qd6 24. Nxg7 Kxg7 25.
f4 Rh8 26. Qg4+ Kf7 27. Rf1 Bc8 28. f5 Rg8 29. Qh5+ Kf8 30. Qh6+ Ke8 31. Qh5+ Kd7 32. Qf3 c5 33. Rae1 Kc6 34.
e4 dxe4 35. Qxe4+ Kc7 36. Rd1 Bb7 37. d5 Bxc3 38. Rd3 Bd4+ 39. Kh1 Bxd5 40. Qf4 Bxg2# 0-1